 Dungeon Crawl Stone Soup version 0.31-a0-627-gd65175cf8b (webtiles) character file.

Game seed: 3821758004728889952

151 Essalna the Ruffian (level 5, -3/41 HPs)
             Began as a Demonspawn Shapeshifter on Aug 25, 2023.
             Slain by Edmund
             ... wielding a +1 flail of holy wrath
              (5 damage)
             ... on level 4 of the Dungeon.
             The game lasted 00:03:45 (2222 turns).

Essalna the Ruffian (Demonspawn Shapeshifter)       Turns: 2222, Time: 00:03:45

Health: -3/41      AC:  5    Str: 19 (21) XL:     5   Next: 10%
Magic:  5/5        EV: 12    Int:  7 (8)  God:
Gold:   286        SH:  0    Dex: 17 (19) Spells: 4/4 levels left

rFire   . .          .
                       - Unarmed
rCold   + . .        (no shield)
rNeg    . . .        a - +0 animal skin
rPois   .            (helmet currently unavailable)
rElec   .            (cloak currently unavailable)
rCorr   .            (gloves currently unavailable)
SInv    .            (boots currently unavailable)
Will    .....        e - amulet of the acrobat
Stlth   ++           f - +6 ring of strength
HPRegen 0.26/turn    (no ring)
MPRegen 0.09/turn

%: acrobat
@: beast-form
A: beast (slay +2), yellow scales 2, spiny 1, agile 1, cold resistance 1
a: Begin Untransformation


You were on level 4 of the Dungeon.
You were a hulking beast.
You visited 1 branch of the dungeon, and saw 4 of its levels.

You collected 286 gold pieces.

Inventory:

Armour
 a - a +0 animal skin (worn)
Jewellery
 e - an amulet of the acrobat (around neck)
 f - a +6 ring of strength (left hand)
Talismans
 c - a beast talisman (active)
 d - a flux talisman
Wands
 h - a wand of light (9)
Scrolls
 g - 5 scrolls of identify {unknown}
 i - 2 scrolls of poison {unknown}
 k - a scroll of blinking {unknown}
 o - a scroll of teleportation {unknown}
Potions
 b - a potion of mutation
 j - a potion of invisibility {unknown}
 l - a potion of might {unknown}
 m - a potion of brilliance {unknown}
 n - a potion of degeneration


   Skills:
 + Level 3.0 Fighting
 - Level 1.7 Dodging
 + Level 3.7 Unarmed Combat
 + Level 3.6 Shapeshifting


You had 4 spell levels left.
You didn't know any spells.
Your spell library was empty.

Dungeon Overview and Level Annotations

Branches:
Dungeon (4/15)
 Temple: D:4-7

Altars:
Kikubaaqudgha

Annotations:
D:4 Edmund


Innate Abilities, Weirdness & Mutations

You are a hulking beast.
Your limbs bulge with bestial killing power. (Slay +2)
You are mostly covered in yellow scales. (AC +3)
You are partially covered in sharp spines.
You are agile. (Dex +4, Str/Int -1)
Your flesh is cold resistant. (rC+)


Message History

The hobgoblin closely misses you.
You hit the hobgoblin.
The hobgoblin is almost dead.
The hobgoblin is struck by your spines.
You kill the hobgoblin!
Edmund completely misses you.
You see here a hobgoblin corpse.
You hit Edmund.
Edmund is lightly wounded.
Edmund hits you with a +1 flail of holy wrath!
You convulse!
You are too injured to fight recklessly!
You are too injured to fight recklessly!
You are too injured to fight recklessly!
You are too injured to fight recklessly!
You are too injured to fight recklessly!
You are too injured to fight recklessly!
Edmund is nearby!
You hit Edmund.
Edmund is lightly wounded.
Edmund hits you with a +1 flail of holy wrath!
You convulse!
* * * LOW HITPOINT WARNING * * *
You hit Edmund.
Edmund is moderately wounded.
Edmund completely misses you.
Okay, then.
Okay, then.
It was a potion of mutation.
You feel extremely strange.
You feel agile.
You feel resistant to cold. Edmund barely misses you.
Okay, then.
It was a potion of degeneration.
There was something very wrong with that liquid.
You feel weakened.
You feel dopey.
You feel clumsy.
Edmund hits you with a +1 flail of holy wrath.
* * * LOW HITPOINT WARNING * * *
You convulse.
You die...
Edmund says, "I'd like to see a scythe do that!"

..... .... .... #..
... #.##.. #.#
#.##.# ####.######
#.##.# #...@.....#
##.##.# #...h.....#
#.....# #.........#
#.....# #.$.......#
#.....# #.........#
#.....#
####.##########.##.#
#............##.#
###############.#
#.# #.##


You could see Edmund.

Vanquished Creatures
  7 adders
  4 dart slugs
  4 orcs (D:3)
  5 endoplasms (D:2)
  15 giant cockroaches
  5 goblins
  4 hobgoblins
  4 jackals
  2 quokkas (D:1)
  5 ball pythons
  2 bats (D:1)
  3 frilled lizards
  5 kobolds
  4 rats
69 creatures vanquished.

Notes
Turn   | Place    | Note
-------+----------+-------------------------------------------
     0 | D:1      | Essalna the Demonspawn Shapeshifter began the quest for the
                  | Orb.
     0 | D:1      | Reached XP level 1. HP: 15/15 MP: 1/1
   322 | D:1      | Gained mutation: You are partially covered in yellow
                  | scales. (AC +2) [demonic ancestry]
   322 | D:1      | Reached XP level 2. HP: 21/21 MP: 2/2
  1062 | D:2      | Gained mutation: You are mostly covered in yellow scales.
                  | (AC +3) [demonic ancestry]
  1062 | D:2      | Reached XP level 3. HP: 23/27 MP: 3/3
  1319 | D:2      | Gained mutation: You are partially covered in sharp spines.
                  | [demonic ancestry]
  1319 | D:2      | Reached XP level 4. HP: 33/34 MP: 4/4
  1745 | D:3      | Found an ancient bone altar of Kikubaaqudgha.
  1801 | D:3      | Reached XP level 5. HP: 33/40 MP: 5/5
  2212 | D:4      | Noticed Edmund
  2220 | D:4      | Gained mutation: You are agile. (Dex +4, Str/Int -1)
                  | [potion of mutation]
  2220 | D:4      | Gained mutation: Your flesh is cold resistant. (rC+)
                  | [potion of mutation]
  2222 | D:4      | HP: 2/41 [Edmund/+1 flail of holy wrath (3)]
  2222 | D:4      | Slain by Edmund

Illustrated notes

Levels and vault maps discovered:
D:1:      psy_arrival_dodecagon, layout_basic
D:2:      minmay_roachtagon, layout_rooms, minmay_small_reverse_x
D:3:      layout_basic, mainiacjoe_overflow_surrounded_room
D:4:      cheibrodos_quashed, layout_basic, old_standard_altar, uniq_edmund

Skill      XL: |  1  2  3  4  5 |
---------------+----------------+-----
Unarmed Combat | 3 |  3.7
Shapeshifting  | 3 |  3.6
Fighting       | 2 3 |  3.0
Dodging        | |  1.7

Action                     |  1- 3 |  4- 6 || total
---------------------------+-------+-------++-------
  Melee: Unarmed           |   157 |    56 ||   213
         Punch             |     2 |     2 ||     4
    Use: Potion            |     3 |     2 ||     5
   Stab: Sleeping          |       |     1 ||     1
 Armour: Animal skin       |    45 |     9 ||    54
         Skin              |    35 |       ||    35
  Dodge: Dodged            |   113 |    35 ||   148

Table legend: (Time is in decaauts)
 A = Elapsed time spent in this place.
 B = Non-inter-level travel time spent in this place.
 C = Inter-level travel time spent in this place.
 D = Time resting spent in this place.
 E = Time spent auto-exploring this place.
 F = Levels seen in this place.
 G = Mean time per level.
                   A        B        C        D        E       F      G
               +--------+--------+--------+--------+--------+-----+--------+
         Total |   2209 |   2138 |     71 |      0 |   1738 |   4 |  552.2 |
       Dungeon |   2209 |   2138 |     71 |      0 |   1738 |   4 |  552.2 |
               +--------+--------+--------+--------+--------+-----+--------+

Top non-repeatable levels by time:
     D:1: 1044 daAuts
     D:2: 614 daAuts
     D:3: 506 daAuts
     D:4: 43 daAuts
